 Dungeon Crawl Stone Soup version 0.30-a0-939-gc8157cb160 (webtiles) character file.

Game seed: 3841577309390396182

226734 bmack86 the Slayer (level 18, -1/182 HPs)
             Began as a Minotaur Fighter on Mar 25, 2023.
             Was the Champion of Okawaru.
             Succumbed to a sea snake's poison
             ... on level 4 of the Shoals.
             The game lasted 01:41:02 (28830 turns).

bmack86 the Slayer (Minotaur Fighter)              Turns: 28830, Time: 01:41:02

Health: -1/182     AC: 32    Str: 28    XL:     18   Next: 65%
Magic:  27/27      EV:  7    Int:  7    God:    Okawaru [******]
Gold:   794        SH: 21    Dex: 10    Spells: 17/17 levels left

rFire   + + .      SeeInvis +    Q - +9 broad axe "Kidwyfomm" {speed, rF++ rN+++ Str-4}
rCold   . . .      Faith    .    g - +2 tower shield of the Endless Expanse {Will+ Regen+}
rNeg    + + +      Spirit   .    r - +2 plate armour {Will+}
rPois   +          Reflect  .    h - +3 crown of Dyrovepreva {rElec Int+2 SInv}
rElec   +          Rampage  .    V - +2 cloak {rCorr}
rCorr   +          NoCast   +    A - +1 pair of gloves of Inference {+Inv Fly rPois Will-}
Will    +++..                    q - +1 pair of boots of Narcissism {rN+} Stlth
                                 a - amulet of the Lobster {-Cast Will+ Regen+ Str+3}
HPRegen 2.10/turn                O - +4 ring of slaying
MPRegen 0.20/turn                l - +4 ring of slaying

@: lethally poisoned (-1 -> -26), flying, hasted, very quick
A: horns 2, retaliatory headbutt
}: 1/15 runes: gossamer
a: Renounce Religion, Evoke Invisibility, Heroism, Finesse, Duel


You were on level 4 of the Shoals.
You worshipped Okawaru.
Okawaru was exalted by your worship.
You visited 6 branches of the dungeon, and saw 31 of its levels.
You also visited: Sewer, Ossuary and Gauntlet.

You collected 3237 gold pieces.
You spent 2443 gold pieces at shops.

Inventory:

Hand Weapons
 m - a +4 hand axe of flaming
 L - a +4 heavy broad axe
 P - a +4 broad axe of freezing
 Q - the +9 broad axe "Kidwyfomm" (weapon) {speed, rF++ rN+++ Str-4}
   (Okawaru gifted it to you on level 1 of the Shoals)

   Str:       It affects your strength (-4).
   rF:        It greatly protects you from fire.
   rN:        It renders you almost immune to negative energy.
Missiles
 c - 14 boomerangs (quivered)
 n - 37 poisoned darts
 t - 5 throwing nets
 C - 3 silver boomerangs
 I - 2 silver javelins
 M - 9 curare-tipped darts
 Y - 11 javelins
Armour
 e - a +2 hat of stealth
 g - the +2 tower shield of the Endless Expanse (worn) {Will+ Regen+}
   (You found it on level 3 of the Dungeon)

   Regen:     It increases your rate of health regeneration.
   Will:      It increases your willpower.
 h - the +3 crown of Dyrovepreva (worn) {rElec Int+2 SInv}
   (You found it on level 2 of the Spider Nest)

   Int:       It affects your intelligence (+2).
   rElec:     It insulates you from electricity.
   SInv:      It lets you see invisible.
 q - the +1 pair of boots of Narcissism (worn) {rN+}
   (Okawaru gifted it to you on level 5 of the Lair of Beasts)

   rN:        It protects you from negative energy.
 r - a +2 plate armour of willpower (worn)
 A - the +1 pair of gloves of Inference (worn) {+Inv Fly rPois Will-}
   (You found it on level 4 of the Spider Nest)

   rPois:     It protects you from poison.
   +Inv:      It lets you turn invisible.
   Fly:       It grants you flight.
   Will:      It decreases your willpower.
 N - a +0 pair of gloves
 V - a +2 cloak of preservation (worn)
Jewellery
 a - the amulet of the Lobster (around neck) {-Cast Will+ Regen+ Str+3}
   (You bought it in a shop on level 4 of the Dungeon)

   [amulet of regeneration]

   Str:       It affects your strength (+3).
   -Cast:     It prevents spellcasting.
   Regen:     It increases your rate of health regeneration.
   Will:      It increases your willpower.
 b - the ring of Hard Scrabble {rCorr Str+6 Slay+2}
   (You acquired it on level 3 of the Dungeon)

   [ring of strength]

   Str:       It affects your strength (+6).
   Slay:      It affects your accuracy & damage with ranged weapons and melee
   (+2).
   rCorr:     It protects you from acid and corrosion.
 l - a +4 ring of slaying (right hand)
 D - a ring of poison resistance
 G - the amulet "Qailir" {Reflect rPois SH+5}
   (You bought it in a shop on level 1 of the Orcish Mines)

   [amulet of reflection]

   It reflects blocked missile attacks.
   rPois:     It protects you from poison.
   SH:        It affects your SH (+5).
 H - an amulet of reflection
 O - a +4 ring of slaying (left hand)
 R - an amulet of regeneration
 T - a +6 ring of strength
Wands
 d - a wand of flame (18)
 k - a wand of polymorph (13)
 E - a wand of iceblast (5)
 U - a wand of quicksilver (3)
Scrolls
 p - 4 scrolls of magic mapping
 s - 3 scrolls of fear
 v - 2 scrolls of poison
 x - 14 scrolls of teleportation
 y - a scroll of blinking
 X - 2 scrolls of silence
Potions
 f - 4 potions of flight
 i - 7 potions of magic
 j - 22 potions of curing
 o - 8 potions of haste
 u - 5 potions of heal wounds
 w - 6 potions of invisibility
 z - 5 potions of resistance
 B - 5 potions of berserk rage
 F - 7 potions of ambrosia
 J - 2 potions of brilliance
 K - 3 potions of cancellation
 S - 2 potions of might


   Skills:
 + Level 21.2 Fighting
 + Level 18.4 Axes
 - Level 10.0 Throwing
 + Level 18.3 Armour
 + Level 18.3 Shields
 + Level 14.4 Invocations


You had 17 spell levels left.
You didn't know any spells.
Your spell library contained the following spells:

 Spells                   Type           Power      Damage    Failure   Level
 Magic Dart               Conj           0%         1d3       99%         1
 Slow                     Hex            0%         N/A       99%         1
 Blink                    Tloc           0%         N/A       100%        2
 Cigotuvi's Dreadful Rot  Necr/Pois/Air  0%         N/A       100%        2
 Poisonous Vapours        Pois/Air       0%         N/A       100%        2
 Searing Ray              Conj           0%         2d4       100%        2
 Sublimation of Blood     Necr           0%         N/A       100%        2
 Confusing Touch          Hex            0%         N/A       100%        3
 Dazzling Flash           Conj/Hex       0%         N/A       100%        3
 Frozen Ramparts          Ice            0%         1d1       100%        3
 Ignite Poison            Fire/Tmut/Pois 0%         N/A       100%        3
 Inner Flame              Hex/Fire       0%         N/A       100%        3
 Kindle Blastsparks       Fire/Tloc/Air  0%         2d10      100%        3
 Mephitic Cloud           Conj/Pois/Air  0%         N/A       100%        3
 Ozocubu's Armour         Ice            0%         N/A       100%        3
 Vampiric Draining        Necr           0%         2d6       100%        3
 Cause Fear               Hex            0%         N/A       100%        4
 Fulminant Prism          Conj/Hex       0%         3d5       100%        4
 Ice Form                 Ice/Tmut       0%         N/A       100%        4
 Iskenderun's Mystic Bla  Conj/Tloc      0%         2d3       100%        4
 Manifold Assault         Tloc           0%         N/A       100%        4
 Olgreb's Toxic Radiance  Pois           0%         N/A       100%        4
 Passage of Golubria      Tloc           0%         N/A       100%        4
 Petrify                  Tmut/Erth      0%         N/A       100%        4
 Agony                    Necr           0%         N/A       100%        5
 Alistair's Intoxication  Tmut/Pois      0%         N/A       100%        5
 Borgnjor's Vile Clutch   Necr/Erth      0%         N/A       100%        5
 Freezing Cloud           Conj/Ice/Air   0%         6-21      100%        5
 Irradiate                Conj/Tmut      0%         3d11      100%        5
 Metabolic Englaciation   Hex/Ice        0%         N/A       100%        5
 Silence                  Hex/Air        0%         N/A       100%        5
 Eringya's Noxious Bog    Tmut/Pois      0%         N/A       100%        6
 Starburst                Conj/Fire      0%         6d3       100%        6
 Statue Form              Tmut/Erth      0%         N/A       100%        6
 Ozocubu's Refrigeration  Ice            0%         4d7       100%        7
 Storm Form               Tmut/Air       0%         N/A       100%        7
 Discord                  Hex            0%         N/A       100%        8
 Ignition                 Fire           0%         3d3       100%        8
 Lehudib's Crystal Spear  Conj/Erth      0%         10d2      100%        8
 Fire Storm               Conj/Fire      0%         5d1       100%        9
 Summon Ice Beast         Ice/Summ       Unusable   N/A       N/A         4

Dungeon Overview and Level Annotations

Branches:
Dungeon (15/15)            Temple (1/1) D:7            Lair (5/5) D:8
 Shoals (4/4) Lair:2       Spider (4/4) Lair:2        Slime (0/5) Lair:4
    Orc (2/2) D:9             Elf (0/3) Orc:2        Vaults (0/5) D:13
 Depths (0/4) D:15          Sewer (visited)         Ossuary (visited)
Gauntlet (visited)

Altars:
Ashenzari
Cheibriados
Dithmenos
Elyvilon
Fedhas
Gozag
Hepliaklqana
Kikubaaqudgha
Makhleb
Nemelex Xobeh
Okawaru
Qazlal
Ru
Sif Muna
Trog
Uskayaw
Vehumet
Wu Jian
Xom
Yredelemnul
Zin
The Shining One
Jiyva

Shops:
D:3 ?   D:4 =[(   D:6 *   D:14 [   D:15 *   Orc:1 =   Orc:2 (([(

Annotations:
Shoals:4 Polyphemus


Innate Abilities, Weirdness & Mutations

You have a pair of horns on your head.
You reflexively headbutt those who attack you in melee.


Message History

* * * LOW HITPOINT WARNING * * *
You block the sea snake's attack.
The air elemental fires a burst of electricity at you.
The stunning burst hits you. You resist.
You suddenly lose the ability to move!
* * * LOW HITPOINT WARNING * * *
Polyphemus hits you but does no damage. Polyphemus hits you.
* * * LOW HITPOINT WARNING * * *
You can move again.
You feel yourself speed up. You block the air elemental's attack.
The merfolk javelineer throws a javelin.
The javelin barely misses you.
The air elemental fires a burst of electricity at you.
The stunning burst hits you. You resist.
* * * LOW HITPOINT WARNING * * *
The sea snake bites you!
* * * LOW HITPOINT WARNING * * *
You are lethally poisoned!
The sea snake poisons you! You block Polyphemus's attack.
Polyphemus hits you but does no damage.
You hit Polyphemus but do no damage. You headbutt Polyphemus!
Polyphemus is heavily wounded.
You slice the sea snake!! You miss the air elemental.
You slice the merfolk javelineer!!
* * * LOW HITPOINT WARNING * * *
You feel very sick.
The air elemental fires a burst of electricity at you.
The stunning burst hits you but does no damage.
You shrug off the repeated paralysis!
The merfolk javelineer throws a javelin.
The javelin pierces through you but does no damage.
The sea snake bites you but does no damage.
You slice Polyphemus!!
Polyphemus is severely wounded.
You slash the air elemental! You slice the merfolk javelineer!!
You kill the merfolk javelineer!
Okawaru accepts your kill.
You slice the sea snake!!
You kill the sea snake!
Okawaru accepts your kill.
You die...

## ######## ##### ....
...... .. #.... ....#
~~~~. ... #.... ~~~~~~
...~ ~~~~ #..##
~~~~#~##~~##~~~~ #..##
~~~~~#~~.~~~~~# #..#~
...##~†CE~~.#... #..#~
......)@†....... #''##
#######††###########..~#
...................†..~.
.................†.†~...
########################


You could see Polyphemus and an air elemental.

Vanquished Creatures
  Rupert (D:12)
  10 emperor scorpions
  A frost giant (Shoals:3)
  2 orc warlords
  4 ghost moths
  An ironbound preserver (D:13)
  A stone giant (Shoals:3)
  The ghost of arthad the Cleaver, a journeyman MiFi of Makhleb (D:14)
  3 spark wasps
  A minotaur (Gauntlet)
  A dire elephant (D:15)
  Snorg (D:12)
  Josephine (Orc:2)
  A merfolk javelineer (Shoals:4)
  8 entropy weavers
  2 merfolk impalers
  Harold (D:9)
  A rakshasa (D:14)
  A hell beast (Gauntlet)
  A jorogumo (Spider:1)
  3 catoblepae
  5 hydras
  2 ogre magi (D:15)
  2 merfolk avatars
  12 two-headed ogres
  3 radroaches
  3 merfolk aquamancers
  9 centaur warriors
  6 boulder beetles
  2 satyrs
  3 tengu warriors
  A naga warrior (D:14)
  A death scarab (Spider:4)
  16 death yaks
  A deep elf knight (D:14)
  4 skeletal warriors
  6 skysharks
  10 pharaoh ants
  12 sea snakes
  7 sun moths
  13 orb spiders
  21 harpies
  8 steelbarb worms
  2 lindwurms (Lair:5)
  A deep elf archer (D:14)
  4 orc sorcerers
  23 wolf spiders
  8 ugly things
  17 manticores
  4 moths of wrath
  A salamander (D:15)
  8 fauns
  27 cyclopes
  11 elephants
  5 water nymphs
  Maurice (D:10)
  10 black mambas
  4 merfolk sirens (Shoals:3)
  A black mamba (shapeshifter) (D:14)
  A guardian serpent (Lair:5)
  9 demonic crawlers
  2 eyes of devastation (Gauntlet)
  An unseen horror (D:13)
  5 torpor snails
  3 gargoyles
  16 cane toads
  Maggie (D:6)
  9 rime drakes
  A cane toad (shapeshifter) (D:13)
  2 kobold demonologists
  An efreet (D:13)
  12 komodo dragons
  17 merfolk
  10 polar bears
  10 meliai
  6 trolls
  6 wind drakes
  2 hornets (Lair:5)
  11 blink frogs
  27 tarantellas
  Grinder (D:6)
  4 snapping turtles (Shoals:1)
  13 dream sheep
  2 raiju
  A spriggan (Lair:4)
  25 jumping spiders
  A vampire (D:12)
  An air elemental (Shoals:4)
  22 culicivoras
  14 water elementals
  17 yaks
  11 slime creatures
  A shadow (D:10)
  13 wyverns
  6 wraiths
  A golden eye (Gauntlet)
  5 vampire mosquitoes
  8 basilisks
  Grum (D:9)
  5 steam dragons
  61 redbacks
  Duvessa (D:6)
  2 acid dragons
  19 water moccasins
  6 wargs (Lair:5)
  A sky beast (D:7)
  A floating eye (Gauntlet)
  14 hell hounds (Lair:5)
  15 black bears
  Pargi (Sewer)
  An ice beast (D:6)
  35 orc warriors
  10 ogres
  5 centaurs
  22 wolves
  2 phantoms (D:6)
  2 kobold brigands
  Blork the orc (D:5)
  14 bullfrogs
  3 scorpions
  3 gnoll sergeants
  11 wights
  Dowan (D:6)
  11 killer bees
  6 howler monkeys
  7 electric eels
  3 hounds
  6 jellies
  A gnoll bouda (D:7)
  17 orc priests
  Crazy Yiuf (D:2)
  Natasha (thrice) (D:2)
  A sleepcap (D:7)
  An iguana (D:5)
  20 orc wizards
  3 mummies (Ossuary)
  19 gnolls
  10 adders
  An ufetubus (D:5)
  A worm (D:4)
  A dart slug (D:3)
  74 orcs
  7 ball pythons
  6 endoplasms
  8 giant cockroaches
  12 goblins
  12 hobgoblins
  4 jackals (D:1)
  7 quokkas
  9 bats
  2 frilled lizards
  6 goblin zombies (Ossuary)
  3 hobgoblin zombies (Ossuary)
  16 kobolds
  A kobold zombie (Ossuary)
  5 rats
1139 creatures vanquished.

Vanquished Creatures (others)
  A ghost moth (Spider:2)
  2 death yaks (Shoals:4)
  Sonja (D:12)
  2 orcs
  A kobold (D:10)
  54 fungi
  162 plants
223 creatures vanquished.

Grand Total: 1362 creatures vanquished

Notes
Turn   | Place    | Note
-------+----------+-------------------------------------------
     0 | D:1      | bmack86 the Minotaur Fighter began the quest for the Orb.
     0 | D:1      | Reached XP level 1. HP: 19/19 MP: 0/0
   107 | D:1      | Reached XP level 2. HP: 20/27 MP: 1/1
   613 | D:1      | Reached XP level 3. HP: 33/33 MP: 2/2
   842 | D:2      | Reached skill level 4 in Fighting
  1004 | D:2      | Found a runed translucent door.
  1005 | D:2      | Noticed Crazy Yiuf
  1011 | D:2      | Killed Crazy Yiuf
  1012 | D:2      | Reached XP level 4. HP: 27/40 MP: 1/3
  1630 | D:2      | Noticed Natasha
  1639 | D:2      | Killed Natasha
  1640 | D:2      | Reached skill level 1 in Throwing
  1699 | D:2      | Noticed Natasha
  1705 | D:2      | Killed Natasha
  1759 | D:2      | Noticed Natasha
  1767 | D:2      | Killed Natasha
  1768 | D:2      | Reached XP level 5. HP: 45/47 MP: 2/4
  2010 | D:3      | Identified the +2 tower shield of the Endless Expanse
                  | {Will+ Regen+}
  2246 | D:3      | Found Ruoj Bon's Magic Scroll Boutique.
  2702 | D:4      | Found Quoxoum's Weapon Shoppe.
  2713 | D:4      | Found Zirchise's Armour Emporium.
  2983 | D:4      | Found Okkemaoc's Jewellery Emporium.
  2993 | D:4      | Reached skill level 5 in Fighting
  2993 | D:4      | Reached XP level 6. HP: 56/56 MP: 5/5
  3043 | D:4      | Reached skill level 5 in Axes
  3248 | D:5      | Entered Level 5 of the Dungeon
  3350 | D:5      | Reached skill level 5 in Armour
  3350 | D:5      | Reached skill level 5 in Shields
  3360 | D:5      | Reached XP level 7. HP: 59/62 MP: 4/6
  3364 | D:5      | Reached skill level 6 in Fighting
  3786 | D:5      | Noticed Blork the orc
  3804 | D:5      | Killed Blork the orc
  3811 | D:5      | HP: 2/64 [gnoll/+0 halberd (5)]
  4301 | D:6      | Found a glowing drain.
  4322 | Sewer    | Entered a sewer
  4325 | Sewer    | Reached skill level 7 in Fighting
  4354 | Sewer    | Noticed Pargi
  4363 | Sewer    | Killed Pargi
  4364 | Sewer    | Reached XP level 8. HP: 71/73 MP: 5/7
  4445 | D:6      | Noticed Dowan
  4446 | D:6      | Noticed Duvessa
  4451 | D:6      | Killed Dowan
  4459 | D:6      | Killed Duvessa
  4464 | D:6      | Reached skill level 8 in Fighting
  4549 | D:6      | Found a sand-covered staircase.
  4557 | Ossuary  | Entered an ossuary
  5028 | D:6      | Reached XP level 9. HP: 75/82 MP: 6/8
  5103 | D:6      | Noticed Maggie
  5135 | D:6      | Killed Maggie
  5136 | D:6      | Reached skill level 9 in Fighting
  5254 | D:6      | Noticed Grinder
  5289 | D:6      | Killed Grinder
  5427 | D:6      | Found Engoetou's Assorted Antiques.
  5567 | D:6      | Noticed a +0 falchion
  5569 | D:6      | Noticed a +0 falchion
  5582 | D:6      | Noticed a +0 dagger
  5588 | D:6      | Found a hide-covered altar of Uskayaw.
  5588 | D:6      | Noticed a +0 dagger
  5589 | D:6      | Noticed a +0 spear
  5593 | D:6      | Noticed a +0 short sword
  5594 | D:6      | Noticed a +0 short sword
  5598 | D:6      | Noticed a +0 spear
  5992 | D:7      | Reached skill level 5 in Throwing
  6105 | D:7      | Reached skill level 10 in Fighting
  6358 | D:7      | Found a staircase to the Ecumenical Temple.
  6377 | D:7      | Reached skill level 10 in Axes
  6391 | Temple   | Entered the Ecumenical Temple
  6399 | Temple   | Became a worshipper of Warmaster Okawaru
  6886 | D:8      | Reached skill level 1 in Invocations
  6954 | D:8      | Reached XP level 10. HP: 77/94 MP: 9/9
  7130 | D:8      | Reached * piety under Okawaru
  7170 | D:8      | Found a staircase to the Lair.
  7172 | D:8      | Noticed a cyclops
  7191 | D:8      | Killed a cyclops
  7219 | D:8      | Found a viscous altar of Jiyva.
  7501 | D:9      | Identified the +7 falchion of Departure {venom, rElec rN+}
  7554 | D:9      | Reached skill level 11 in Fighting
  7557 | D:9      | Found a shimmering altar of Xom.
  7601 | D:9      | Noticed Grum
  7610 | D:9      | Killed Grum
  7610 | D:9      | Reached ** piety under Okawaru
  7707 | D:9      | Found a staircase to the Orcish Mines.
  7732 | D:9      | Noticed Harold
  7751 | D:9      | Killed Harold
  7751 | D:9      | Reached *** piety under Okawaru
  8031 | D:6      | Bought a scroll labelled ECOARGH WULAR for 19 gold pieces
  8139 | D:3      | Bought a scroll of acquirement for 624 gold pieces
  8139 | D:3      | Bought 2 scrolls of identify for 48 gold pieces
  8145 | D:3      | Acquired the ring of Hard Scrabble {rCorr Str+6 Slay+2}
  8271 | D:10     | Entered Level 10 of the Dungeon
  8533 | D:10     | Reached XP level 11. HP: 104/104 MP: 12/12
  8533 | D:10     | Noticed a boulder beetle
  8551 | D:10     | Killed a boulder beetle
  8551 | D:10     | Reached **** piety under Okawaru
  8552 | D:10     | Reached skill level 12 in Fighting
  8795 | D:10     | Noticed Maurice
  8800 | D:10     | Killed Maurice
  8811 | D:10     | Found a glowing silver altar of Zin.
  8821 | D:10     | Found a snail-covered altar of Cheibriados.
  9044 | D:11     | Noticed a two-headed ogre
  9052 | D:11     | Killed a two-headed ogre
  9283 | D:11     | Received a gift from Okawaru
  9522 | D:12     | Noticed Sonja
  9522 | D:12     | Noticed a two-headed ogre
  9522 | D:12     | Noticed a two-headed ogre
  9565 | D:11     | Killed a two-headed ogre
  9565 | D:11     | Reached ***** piety under Okawaru
  9613 | D:11     | Killed a two-headed ogre
  9736 | D:12     | Killed Sonja
  9741 | D:12     | Reached skill level 13 in Fighting
  9901 | D:12     | HP: 5/107 [electric eel/bolt of electricity (4)]
  9908 | D:12     | Received a gift from Okawaru
 10018 | D:12     | Noticed Rupert
 10031 | D:12     | Killed Rupert
 10032 | D:12     | Reached skill level 10 in Armour
 10032 | D:12     | Reached skill level 10 in Shields
 10032 | D:12     | Reached skill level 5 in Invocations
 10136 | D:12     | Identified the +9 rapier "Dabeetyf" {flame, Int+4}
 10190 | D:12     | Reached XP level 12. HP: 87/115 MP: 14/14
 10234 | D:12     | Received a gift from Okawaru
 10724 | D:13     | Noticed Snorg
 10741 | D:12     | Killed Snorg
 10778 | D:13     | Noticed a centaur warrior
 10784 | D:13     | Killed a centaur warrior
 10979 | D:13     | Reached skill level 14 in Fighting
 10995 | D:13     | Noticed a two-headed ogre
 11002 | D:13     | Killed a two-headed ogre
 11053 | D:13     | Noticed a boulder beetle
 11078 | D:13     | Killed a boulder beetle
 11363 | D:13     | Noticed a centaur warrior
 11367 | D:13     | Killed a centaur warrior
 11418 | D:13     | Received a gift from Okawaru
 11436 | D:13     | Found a gate to the Vaults.
 11436 | D:13     | Noticed an ironbound preserver
 11449 | D:13     | Killed an ironbound preserver
 11708 | Lair:1   | Entered Level 1 of the Lair of Beasts
 11788 | Lair:1   | Reached XP level 13. HP: 111/125 MP: 16/16
 11824 | Lair:1   | Received a gift from Okawaru
 11831 | Lair:1   | Reached skill level 15 in Fighting
 11992 | Lair:1   | Reached skill level 15 in Axes
 12080 | Lair:1   | Received a gift from Okawaru
 12284 | Lair:1   | Found a glowing silver altar of Zin.
 12522 | Lair:2   | Identified the +9 quarterstaff of the Spider {venom, +Blink
                  | rElec Str+3 Int-5} (Okawaru gifted it to you on level 2 of
                  | the Lair of Beasts)
 12522 | Lair:2   | Received a gift from Okawaru
 12544 | Lair:2   | Found a hole to the Spider Nest.
 13097 | Lair:3   | Found a gate leading to a gauntlet.
 13115 | Gauntlet | Entered a Gauntlet
 13115 | Gauntlet | Found a transporter.
 13125 | Gauntlet | Found a transporter.
 13128 | Gauntlet | Found a transporter.
 13129 | Gauntlet | Found a transporter.
 13136 | Gauntlet | Found a runed translucent door.
 13139 | Gauntlet | Found a transporter.
 13140 | Gauntlet | Found a transporter.
 13141 | Gauntlet | Found a transporter.
 13145 | Gauntlet | Found a runed translucent door.
 13145 | Gauntlet | Found a runed translucent door.
 13149 | Gauntlet | Found a transporter.
 13152 | Gauntlet | Found a transporter.
 13153 | Gauntlet | Found a transporter.
 13162 | Gauntlet | Found a transporter.
 13164 | Gauntlet | Found a transporter.
 13165 | Gauntlet | Found a transporter.
 13173 | Gauntlet | Found a transporter.
 13267 | Gauntlet | Reached skill level 16 in Fighting
 13297 | Gauntlet | Paralysed by a floating eye for 3 turns
 13378 | Gauntlet | Identified the ring "Bauxkiba" {rF- rC+ rN+ AC+4}
 13479 | Gauntlet | Noticed a minotaur
 13493 | Gauntlet | Killed a minotaur
 13493 | Gauntlet | Received a gift from Okawaru
 13493 | Gauntlet | Reached ****** piety under Okawaru
 13506 | Gauntlet | Got the Octavo of Accelerants and Displacement
 14372 | Lair:4   | Reached XP level 14. HP: 137/137 MP: 18/18
 14384 | Lair:4   | Received a gift from Okawaru
 14435 | Lair:4   | Found a viscous altar of Jiyva.
 14435 | Lair:4   | Found a staircase to the Slime Pits.
 14566 | Lair:4   | Found a shimmering altar of Xom.
 15113 | Lair:5   | Entered Level 5 of the Lair of Beasts
 15128 | Lair:5   | Received a gift from Okawaru
 15172 | Lair:5   | Identified the +1 pair of boots of Narcissism {rN+}
                  | (Okawaru gifted it to you on level 5 of the Lair of Beasts)
 15172 | Lair:5   | Received a gift from Okawaru
 15318 | Lair:5   | Reached skill level 10 in Throwing
 15525 | Lair:5   | Reached skill level 17 in Fighting
 15906 | Lair:5   | Received a gift from Okawaru
 16011 | Lair:5   | Identified the +6 quick blade of Zuph {pain, rC+ Int+2
                  | Dex+2} (Okawaru gifted it to you on level 5 of the Lair of
                  | Beasts)
 16011 | Lair:5   | Received a gift from Okawaru
 16073 | Lair:5   | Reached XP level 15. HP: 133/147 MP: 12/20
 16864 | D:4      | Bought a +2 plate armour of willpower for 400 gold pieces
 16933 | D:4      | Bought the amulet of the Lobster {-Cast Will+ Regen+ Str+3}
                  | for 586 gold pieces
 17326 | D:14     | Found a runed translucent gate.
 17326 | D:14     | Found a runed translucent gate.
 17326 | D:14     | Found an iron altar of Okawaru.
 17326 | D:14     | Found a runed translucent gate.
 17326 | D:14     | Noticed arthad's ghost (journeyman MiFi)
 17337 | D:14     | Received a gift from Okawaru
 17511 | D:14     | Found Xumyodun's Antique Armour Boutique.
 17856 | D:14     | Killed arthad's ghost
 17937 | D:15     | Entered Level 15 of the Dungeon
 18011 | D:15     | Reached skill level 10 in Invocations
 18013 | D:15     | Received a gift from Okawaru
 18230 | D:15     | Received a gift from Okawaru
 18251 | D:15     | Reached skill level 18 in Fighting
 18443 | D:15     | Found Sekoexkun's Assorted Antiques.
 18626 | D:15     | Received a gift from Okawaru
 18627 | D:15     | Found a staircase to the Depths.
 18910 | Orc:1    | Entered Level 1 of the Orcish Mines
 19363 | Orc:2    | Entered Level 2 of the Orcish Mines
 19402 | Orc:1    | Found Turits's Jewellery Boutique.
 19654 | Orc:2    | Reached XP level 16. HP: 158/158 MP: 23/23
 19659 | Orc:2    | Noticed Josephine
 19667 | Orc:2    | Killed Josephine
 19711 | Orc:2    | Found Pyzabuxe's Weapon Boutique.
 19767 | Orc:2    | Found a staircase to the Elven Halls.
 20261 | Orc:2    | Found Dihuo's Antique Weapon Emporium.
 20271 | Orc:2    | Bought a runed broad axe for 231 gold pieces
 20405 | Orc:2    | Found Evvacs's Antique Armour Shoppe.
 20409 | Orc:2    | Found Yzepono's Antique Weapon Emporium.
 20587 | Orc:1    | Bought the amulet "Qailir" {Reflect rPois SH+5} for 535
                  | gold pieces
 20711 | Spider:1 | Entered Level 1 of the Spider Nest
 20776 | Spider:1 | Reached skill level 15 in Armour
 20822 | Spider:1 | Received a gift from Okawaru
 20823 | Spider:1 | Reached skill level 15 in Shields
 20989 | Spider:1 | Received a gift from Okawaru
 21023 | Spider:1 | Received a gift from Okawaru
 21441 | Spider:1 | Received a gift from Okawaru
 21901 | Spider:2 | Reached skill level 19 in Fighting
 22167 | Spider:2 | Found the +3 crown of Dyrovepreva {rElec Int+2 SInv}
 22190 | Spider:2 | Identified the +1 ring mail of the Flute {Slay+2}
 22429 | Spider:2 | Identified the +1 ring mail "Merghez" {rN+++ Will- Stlth+}
                  | (Okawaru gifted it to you on level 2 of the Spider Nest)
 22429 | Spider:2 | Received a gift from Okawaru
 23432 | Spider:3 | Reached XP level 17. HP: 161/168 MP: 25/25
 24206 | Spider:3 | Received a gift from Okawaru
 24440 | Spider:4 | Entered Level 4 of the Spider Nest
 24479 | Spider:4 | Received a gift from Okawaru
 24726 | Spider:4 | Reached skill level 20 in Fighting
 25290 | Spider:4 | Received a gift from Okawaru
 25577 | Spider:4 | Got a gossamer rune of Zot
 25581 | Spider:4 | Identified the +1 pair of gloves of Inference {+Inv Fly
                  | rPois Will-}
 26015 | Shoals:1 | Entered Level 1 of the Shoals
 26143 | Shoals:1 | Identified the +9 broad axe "Kidwyfomm" {speed, rF++ rN+++
                  | Str-4} (Okawaru gifted it to you on level 1 of the Shoals)
 26143 | Shoals:1 | Received a gift from Okawaru
 26445 | Shoals:1 | Reached XP level 18. HP: 171/180 MP: 27/27
 26984 | Shoals:2 | Identified the +0 chain mail of Impressiveness {Rampage
                  | +Blink rN+ Dex-5} (Okawaru gifted it to you on level 2 of
                  | the Shoals)
 26984 | Shoals:2 | Received a gift from Okawaru
 28004 | Shoals:3 | Reached skill level 21 in Fighting
 28708 | Shoals:4 | Entered Level 4 of the Shoals
 28792 | Shoals:4 | Noticed Polyphemus
 28819 | Shoals:4 | Paralysed by an air elemental for 1 turns
 28823 | Shoals:4 | Paralysed by an air elemental for 1 turns
 28824 | Shoals:4 | Paralysed by an air elemental for 1 turns
 28827 | Shoals:4 | Paralysed by an air elemental for 1 turns
 28828 | Shoals:4 | HP: 7/182 [sea snake (12)]
 28829 | Shoals:4 | HP: 3/182 [poisoned by a sea snake]
 28830 | Shoals:4 | Succumbed to a sea snake's poison

Illustrated notes

Levels and vault maps discovered:
D:1:      psy_arrival_basics, layout_loops_ring
D:2:      layout_loops_corners, minivault_4, uniq_crazy_yiuf_cottage,
          uniq_natasha
D:3:      layout_basic, serial_shops, nicolae_shop_crystal, item_on_display_a
D:4:      layout_rooms, serial_shops, nicolae_shop_crystal, shop,
          nicolae_shop_hallway_plus, st_stairs_13, grunt_decor_arrowhead
D:5:      corexii_shack_village, layout_basic, chequers_serial_rivers_micro_e,
          dreamdust_gnoll_farm, uniq_blork_the_orc
D:6:      layout_basic, nicolae_uskayaw_en_pointe, serial_shops,
          nicolae_shop_behind_doors, gup_sewer_entry_pipe,
          lightli_ossuary_entry_decrepit_ruins, uniq_duvessa, uniq_maggie,
          uniq_grinder
D:7:      layout_basic, minmay_temple_entry_poolview, nrook_mini_backslash
D:8:      layout_loops_ring, david_lair_generic, jiyva_altar_1
D:9:      layout_cave_pools, dk_xom_monty_hall, orc_0_dummy, uniq_harold,
          uniq_grum
D:10:     layout_cave_pools, mainiacjoe_overflow_swirl, uniq_maurice
D:11:     layout_long_grid, minivault_21, kennysheep_generic_room_10
D:12:     layout_basic, uniq_rupert, uniq_sonja
D:13:     layout_irregular_city, skrybe_vaults_entry_preservation, uniq_snorg
D:14:     layout_loops_ring, nrook_campfire, gammafunk_ghost_fury_of_okawaru,
          fungi_pond_lemuel, nicolae_stop_n_shop_2
D:15:     hangedman_depths_entry_try_elsewhere_first, layout_loops_ring,
          serial_bayou_lagoon_a, serial_shops, nicolae_shop_overgrown_old_shop
Temple:   eino_narrow_crystal_temple
Lair:1:   layout_roguey, basic_altar
Lair:2:   layout_hall_layers, nicolae_shoals_entry_flooding,
          spider_nest_entry_web_field, nicolae_quartered_pool_impasse,
          grunt_forest_small_clearing_treed
Lair:3:   layout_gridlike, gauntlet_entry_generic
Lair:4:   layout_concentric_octagons, slime_entry_1, basic_altar,
          chequers_serial_rivers_micro_e, grunt_forest_large_clearing_hut
Lair:5:   hangedman_lair_tendril_chambers, layout_regular_city,
          hangedman_lair_caniforms_friends, minmay_lair_drake_nest
Shoals:1: layout_shoals
Shoals:2: layout_shoals, st_cyclops
Shoals:3: layout_shoals, nicolae_shoals_lost_giant_temple, st_shoals_ruin
Shoals:4: shoals_end_hellmonk_storm_palace [storm_palace_center_ruins,
          storm_palace_corner_narrow, storm_palace_corner_grid,
          storm_palace_corner_blocked, storm_palace_corner_grid],
          uniq_polyphemus
Spider:1: layout_cave_pods, nicolae_spider_scorpion_nest
Spider:2: layout_chambers, drop_trap, nicolae_spider_bug_shape
Spider:3: layout_spider_delve
Spider:4: grunt_spider_rune_island, drop_trap
Orc:1:    layout_caves, serial_shops, nicolae_shop_statue_plus
Orc:2:    grunt_orc_community_town_hall, layout_caves,
          grunt_orc_community_big_house_2, grunt_orc_community_big_house_2,
          grunt_orc_community_house_2, grunt_orc_community_house_2,
          grunt_orc_community_house_2, grunt_orc_community_house_2,
          grunt_orc_community_house_2, grunt_orc_community_house_2,
          uniq_josephine

Skill      XL: |  1  2  3  4  5  6  7  8  9 10 11 12 13 14 15 16 17 18 |
---------------+-------------------------------------------------------+-----
Axes           | 3 4 5 7 8 10 11 13 14 16 17 18 | 18.4
Shields        | 4 5 6 8 9 10 11 12 13 14 16 17 18 | 18.3
Armour         | 4 5 6 7 8 10 11 12 13 14 16 17 18 | 18.3
Fighting       | 4 5 7 8 10 11 13 14 16 17 18 19 20 21 | 21.2
Throwing       | 1 2 3 4 5 6 7 8 9 10 | 10.0
Invocations    | 1 3 5 6 7 9 10 12 13 14 | 14.4

Action                     |  1- 3 |  4- 6 |  7- 9 | 10-12 | 13-15 | 16-18 || total
---------------------------+-------+-------+-------+-------+-------+-------++-------
  Melee: War axe           |    80 |   106 |   306 |   329 |       |       ||   821
         Headbutt          |    10 |    16 |    48 |    93 |   169 |   268 ||   604
         Broad axe         |       |       |       |    23 |   730 |   953 ||  1706
  Throw: Dart              |       |     7 |     4 |    21 |     6 |       ||    38
         Boomerang         |       |       |       |       |       |   103 ||   103
 Invoke: Heroism           |       |       |       |     3 |     9 |     1 ||    13
         Finesse           |       |       |       |     1 |     8 |     1 ||    10
    Use: Scroll            |     4 |     6 |     8 |    14 |     8 |     6 ||    46
         Potion            |       |       |     1 |     4 |       |     3 ||     8
   Stab: Petrified         |       |       |       |       |       |     6 ||     6
         Petrifying        |       |       |       |       |       |     1 ||     1
 Armour: Scale mail        |    38 |    46 |    48 |       |       |       ||   132
         Chain mail        |       |       |   144 |   170 |    56 |       ||   370
         Plate armour      |       |       |       |       |   280 |   690 ||   970
  Dodge: Dodged            |    35 |    31 |    69 |    73 |   122 |   214 ||   544
  Block: Buckler           |    21 |     3 |       |       |       |       ||    24
         Tower shield      |       |    91 |   372 |   478 |   751 |  1426 ||  3118
         Reflection        |       |       |     1 |    26 |       |     2 ||    29

Table legend: (Time is in decaauts)
 A = Elapsed time spent in this place.
 B = Non-inter-level travel time spent in this place.
 C = Inter-level travel time spent in this place.
 D = Time resting spent in this place.
 E = Time spent auto-exploring this place.
 F = Levels seen in this place.
 G = Mean time per level.
                   A        B        C        D        E       F      G
               +--------+--------+--------+--------+--------+-----+--------+
         Total |  28957 |  26834 |   2123 |    621 |  16248 |  34 |  851.7 |
       Dungeon |  13441 |  12208 |   1233 |    410 |   7799 |  15 |  896.1 |
        Temple |    186 |    173 |     13 |      0 |    156 |   1 |  186.0 |
          Lair |   4598 |   4168 |    430 |      0 |   2634 |   5 |  919.6 |
        Shoals |   2698 |   2616 |     82 |     36 |   1641 |   4 |  674.5 |
   Spider Nest |   5221 |   4952 |    269 |     47 |   3426 |   4 | 1305.2 |
  Orcish Mines |   1678 |   1584 |     94 |    100 |    471 |   2 |  839.0 |
         Sewer |    102 |    102 |      0 |      0 |      0 |   1 |  102.0 |
       Ossuary |    477 |    477 |      0 |      0 |     42 |   1 |  477.0 |
      Gauntlet |    551 |    551 |      0 |     28 |     78 |   1 |  551.0 |
               +--------+--------+--------+--------+--------+-----+--------+

Top non-repeatable levels by time:
Spider:4: 1444 daAuts
  Lair:5: 1438 daAuts
Spider:3: 1361 daAuts
     D:6: 1257 daAuts
Spider:2: 1256 daAuts
    D:12: 1253 daAuts
     D:2: 1201 daAuts
     D:5: 1179 daAuts
Spider:1: 1159 daAuts
   Orc:2: 1102 daAuts
Shoals:3: 915 daAuts
    D:13: 882 daAuts
     D:7: 881 daAuts
     D:3: 881 daAuts
    D:15: 867 daAuts
